 Dungeon Crawl Stone Soup version 0.27-a0-1273-gec92ba881d (webtiles) character file.

Game seed: 8158837216764862235

785 mordus the Poker (level 7, -1/61 HPs)
             Began as a Minotaur Monk on June 11, 2021.
             Slain by a thrashing horror (9 damage)
             ... on level 1 of the Abyss.
             The game lasted 00:05:05 (4695 turns).

mordus the Poker (Minotaur Monk)                    Turns: 4695, Time: 00:05:05

Health: -1/61      AC:  7    Str: 17      XL:     7   Next: 56%
Magic:  6/6        EV: 11    Int:  6 (7)  God:
Gold:   250        SH:  5    Dex: 13      Spells: 6/6 levels left

rFire    . . .     SeeInvis .   a - +0 spear
rCold    . . .     Faith    .   g - +0 buckler
rNeg     . . .     Spirit   .   d - +0 scale mail
rPois    +         Reflect  .   (helmet restricted)
rElec    .         Harm     .   (no cloak)
rCorr    .         Rampage  .   (no gloves)
Will     .....                  (no boots)
Stlth    ..........             (no amulet)
HPRegen  0.20/turn              p - ring of poison resistance
MPRegen  0.10/turn              (no ring)

@: no status effects
A: horns 2, retaliatory headbutt
a: no special abilities


You were on level 1 of the Abyss.
You visited 1 branch of the dungeon, and saw 5 of its levels.
You visited the Abyss 1 time.

You collected 250 gold pieces.

Inventory:

Hand Weapons
 a - a +0 spear (weapon)
Armour
 c - a +0 chain mail
 d - a +0 scale mail (worn)
 g - a +0 buckler (worn)
Jewellery
 p - a ring of poison resistance (left hand)
Wands
 s - a wand of paralysis (10)
Scrolls
 b - a scroll of enchant weapon {unknown}
 e - 3 scrolls of teleportation {unknown}
 f - 4 scrolls of identify {unknown}
 h - 3 scrolls of fear {unknown}
 j - a scroll of noise {unknown}
 l - a scroll of summoning {unknown}
 m - a scroll of torment {unknown}
 n - a scroll of immolation {unknown}
 o - 3 scrolls of fog {unknown}
 q - a scroll of amnesia {unknown}
 r - a scroll of enchant armour {unknown}
Potions
 i - a potion of degeneration


   Skills:
 + Level 5.4 Fighting
 * Level 7.1 Polearms
 + Level 3.9 Armour
 + Level 4.9 Dodging
 - Level 1.5 Stealth
 + Level 3.5 Shields


You had 6 spell levels left.
You didn't know any spells.
Your spell library contained the following spells:

 Spells                   Type           Power      Damage    Failure   Level
 Foxfire                  Conj/Fire      0%         2x1d4     86%         1
 Conjure Flame            Conj/Fire      0%         6-21      99%         3
 Inner Flame              Hex/Fire       0%         N/A       99%         3
 Sticky Flame             Conj/Fire      0%         2d3       100%        4
 Fireball                 Conj/Fire      0%         3d3       100%        5


Dungeon Overview and Level Annotations

Branches:
Dungeon (5/15)
 Temple: D:4-7

Altars:
Gozag

Annotations:
D:4 3 runed translucent doors, pokeman's ghost, amateur DEWz
D:5 Dowan; Duvessa


Innate Abilities, Weirdness & Mutations

You have a pair of horns on your head.
You reflexively headbutt those who attack you in melee.


Message History

A thrashing horror comes into view.
The raiju bursts into living lightning!
The living lightning hits you!
The raiju blinks! x2
Found a shortbow.
The thrashing horror closely misses you.
The thrashing horror tramples you but does no damage.
The thrashing horror barely misses you. The thrashing horror misses you.
You barely miss the thrashing horror. You headbutt the thrashing horror.
The thrashing horror is lightly damaged.
The thrashing horror tramples you!
You hold your ground!
The thrashing horror tramples you but does no damage.
The thrashing horror tramples you!
You stumble backwards!
Found 46 gold pieces.
The thrashing horror roars!
The thrashing horror tramples you but does no damage.
You block the thrashing horror's attack.
The thrashing horror roars!
The thrashing horror tramples you.
You stumble backwards!
The thrashing horror barely misses you. You furiously retaliate!
You headbutt the thrashing horror.
You block the thrashing horror's attack.
The thrashing horror closely misses you.
The thrashing horror tramples you.
* * * LOW HITPOINT WARNING * * *
You stumble backwards!
The thrashing horror roars!
You hear a bark!
The thrashing horror tramples you!
* * * LOW HITPOINT WARNING * * *
You hold your ground!
The thrashing horror tramples you but does no damage.
Found a fuming green potion.
The thrashing horror completely misses you.
You furiously retaliate!
You headbutt the thrashing horror, but do no damage.
The thrashing horror closely misses you.
The thrashing horror closely misses you.
The thrashing horror tramples you but does no damage.
The thrashing horror roars!
The thrashing horror tramples you!
You die...

...≈≈ ..≈≈ ≈
..≈ ≈.
##..#≈≈.≈ #
....≈≈≈≈≈ #.
#...≈≈≈≈≈
#..###.#..≈≈.≈
#.....@..≈≈≈≈≈
....##X#.#≈#≈≈≈
# #.......#
###.##.##.
##....#... ##
.#...!# ..#
.#..###.# #...
#. #.. #.###..
..# #..#.# #X.#
..#


You could see a thrashing horror.

Vanquished Creatures
  Sigmund (D:5)
  A necrophage (D:4)
  An ogre (D:5)
  A phantom (D:4)
  A hound (D:5)
  A bullfrog skeleton (D:5)
  3 iguanas
  A hound zombie (D:5)
  A howler monkey zombie (D:5)
  Robin (D:3)
  5 adders
  3 ufetubi
  2 adder skeletons (D:4)
  3 worms (D:2)
  2 orcs
  7 ball pythons
  9 endoplasms
  18 giant cockroaches
  16 goblins
  9 hobgoblins
  14 jackals
  9 kobolds
  3 quokkas
  5 bats
  3 frilled lizards (D:1)
  9 rats
129 creatures vanquished.

Vanquished Creatures (others)
  A withered plant (D:1)
1 creature vanquished.

Grand Total: 130 creatures vanquished

Notes
Turn   | Place    | Note
-------+----------+-------------------------------------------
     0 | D:1      | mordus the Minotaur Monk began the quest for the Orb.
     0 | D:1      | Reached XP level 1. HP: 19/19 MP: 0/0
    49 | D:1      | Reached XP level 2. HP: 25/27 MP: 1/1
    51 | D:1      | Found a faded altar of an unknown god.
    97 | D:1      | Reached skill level 4 in Polearms
   389 | D:1      | Reached skill level 1 in Armour
   690 | D:1      | Reached XP level 3. HP: 33/33 MP: 2/2
  1621 | D:2      | Reached XP level 4. HP: 40/40 MP: 3/3
  1799 | D:2      | Reached skill level 1 in Shields
  1973 | D:3      | You fall into a shaft and drop 1 floor!
  2088 | D:3      | Noticed Robin
  2100 | D:3      | Reached skill level 5 in Polearms
  2115 | D:3      | Killed Robin
  2139 | D:3      | Reached XP level 5. HP: 44/47 MP: 4/4
  2782 | D:4      | Noticed a necrophage
  2795 | D:4      | Killed a necrophage
  2796 | D:4      | Reached XP level 6. HP: 44/53 MP: 5/5
  3000 | D:4      | Reached skill level 6 in Polearms
  3225 | D:4      | Found a runed translucent gate.
  3226 | D:4      | Found a runed translucent gate.
  3226 | D:4      | Found an opulent altar of Gozag.
  3227 | D:4      | Found a runed translucent gate.
  3229 | D:4      | Noticed pokeman's ghost (amateur DEWz)
  3229 | D:4      | Noticed an orc warrior
  3476 | D:5      | Entered Level 5 of the Dungeon
  3499 | D:5      | Reached skill level 5 in Fighting
  3639 | D:5      | Noticed Sigmund
  3779 | D:5      | Killed Sigmund
  3780 | D:5      | Reached XP level 7. HP: 15/61 MP: 6/6
  4086 | D:5      | Found a glowing drain.
  4114 | D:5      | Reached skill level 7 in Polearms
  4559 | D:5      | Noticed Duvessa
  4559 | D:5      | Noticed Dowan
  4565 | D:5      | Cast into level 1 of the Abyss (Duvessa)
  4662 | Abyss:1  | Noticed a raiju
  4662 | Abyss:1  | Noticed a raiju
  4679 | Abyss:1  | Noticed a thrashing horror
  4695 | Abyss:1  | Slain by a thrashing horror

Illustrated notes

Levels and vault maps discovered:
D:1:      dpeg_arrival_arbitrary_c, layout_rooms, serial_forest,
          infiniplex_forest_lined_corner, infiniplex_forest_clump_diagonal,
          infiniplex_forest_lined_2, infiniplex_forest_end_2,
          infiniplex_forest_clump_double, infiniplex_forest_straight_4,
          infiniplex_forest_clump_diagonal, infiniplex_forest_straight_4,
          infiniplex_forest_lined_2, shapermc_ecumenical_altar_flowoftime
D:2:      minmay_kobold_bridge, layout_loops_cross, roderic_lattice_a,
          item_on_display_a
D:3:      minmay_roachtagon, layout_rooms, corexii_hall_statues_i, st_stairs_4,
          uniq_robin
D:4:      layout_cave_pools, ebering_ghost_gozag, nicolae_underground_beach
D:5:      layout_basic, cheibrodos_sewer_entry_drain, uniq_sigmund, uniq_duvessa
Abyss:1:  base: Temple, base: Sewer, evilmike_abyss_exit_6,
          evilmike_abyss_exit_6

Skill      XL: |  1  2  3  4  5  6  7 |
---------------+----------------------+-----
Polearms       | 4 5 6 7 |  7.1
Armour         | 1 2 3 |  3.9
Fighting       | 4 5 |  5.4
Shields        | 1 2 3 |  3.5
Dodging        | 4 |  4.9
Stealth        | |  1.5

Action                   |  1- 3 |  4- 6 |  7- 9 || total
-------------------------+-------+-------+-------++-------
Melee: Spear             |   157 |   266 |    31 ||   454
       Headbutt          |    22 |    37 |     6 ||    65
  Use: Potion            |       |     3 |     1 ||     4
Armor: Chain mail        |    22 |       |       ||    22
       Scale mail        |    33 |    66 |    12 ||   111
Dodge: Dodged            |    50 |   101 |    18 ||   169
Block: Buckler           |     7 |    35 |     5 ||    47

Table legend: (Time is in decaauts)
 A = Elapsed time spent in this place.
 B = Non-inter-level travel time spent in this place.
 C = Inter-level travel time spent in this place.
 D = Time resting spent in this place.
 E = Time spent auto-exploring this place.
 F = Levels seen in this place.
 G = Mean time per level.
                   A        B        C        D        E       F      G
               +--------+--------+--------+--------+--------+-----+--------+
         Total |   4643 |   4554 |     89 |    549 |   3205 |   6 |  773.8 |
       Dungeon |   4514 |   4425 |     89 |    549 |   3109 |   5 |  902.8 |
         Abyss |    129 |    129 |      0 |      0 |     96 |   1 |  129.0 |
               +--------+--------+--------+--------+--------+-----+--------+

Top non-repeatable levels by time:
     D:2: 1069 daAuts
     D:5: 974 daAuts
     D:1: 879 daAuts
     D:4: 836 daAuts
     D:3: 754 daAuts
 Abyss:1: 129 daAuts
